 Dungeon Crawl Stone Soup version 0.22.1-2-g9c5b331 (webtiles) character file.

1555 havocjr2 the Slasher (level 8, -4/62 HPs)
             Began as a Demonspawn Gladiator on Dec 12, 2018.
             Was a Believer of Qazlal.
             Slain by a killer bee (5 damage)
             ... on level 7 of the Dungeon.
             The game lasted 01:01:19 (7292 turns).

havocjr2 the Slasher (Demonspawn Gladiator)         Turns: 7292, Time: 01:01:22

Health: -4/62      AC: 16    Str: 17    XL:     8   Next: 58%
Magic:  9/9        EV:  9    Int:  9    God:    Qazlal [**....]
Gold:   344        SH:  3    Dex: 15    Spells: 7/7 levels left

rFire    . . .     SeeInvis .   m - +0 long sword
rCold    + . .     Gourm    .   (no shield)
rNeg     . . .     Faith    .   o - +1 chain mail
rPois    .         Spirit   .   c - +0 helmet
rElec    .         Reflect  .   p - +0 cloak
rCorr    .         Harm     .   (no gloves)
MR       .....                  t - +0 pair of boots
Stlth    ..........             (no amulet)
HPRegen  0.20/turn              (no ring)
MPRegen  0.11/turn              (no ring)

@: lethally poisoned (-4 -> -17)
A: molten scales 1, cold resistance 1, powered by death 1, freezing cloud
immunity
a: Upheaval, Renounce Religion


You were on level 7 of the Dungeon.
You worshipped Qazlal.
Qazlal was pleased with you.
You were not hungry.

You visited 2 branches of the dungeon, and saw 8 of its levels.
You also visited: Sewer.

You collected 344 gold pieces.

Inventory:

Hand Weapons
 a - a +0 hunting sling
 m - a +0 long sword (weapon)
Missiles
 e - 156 stones (quivered)
Armour
 b - a +0 leather armour
 c - a +0 helmet (worn)
 o - a +1 chain mail (worn)
 p - a +0 cloak (worn)
 t - a +0 pair of boots (worn)
Wands
 x - a wand of acid (8)
 z - a wand of polymorph (11)
Scrolls
 h - 3 scrolls of identify
 n - 9 scrolls of teleportation
 v - 2 scrolls of magic mapping
 w - a scroll of enchant armour
 y - a scroll of remove curse
 B - a scroll of fear
 D - a scroll of silence {unknown}
Potions
 g - a potion of berserk rage {unknown}
 i - 4 potions of brilliance
 j - 5 potions of flight
 l - a potion of cancellation
 q - 3 potions of haste {unknown}
 u - 2 potions of lignification
 C - a potion of agility {unknown}
Comestibles
 d - 7 chunks of flesh
 f - 10 rations


   Skills:
 + Level 5.0 Fighting
 * Level 6.5 Long Blades
 - Level 1.8 Throwing
 + Level 4.0 Armour
 + Level 5.0 Dodging
 - Level 1.4 Stealth
 + Level 2.5 Invocations


You had 7 spell levels left.
You didn't know any spells.
Your spell library was empty.

Dungeon Overview and Level Annotations

Branches:
Dungeon (7/15)             Temple (1/1) D:4

Altars:
Ashenzari
Cheibriados
Dithmenos
Elyvilon
Fedhas
Gozag
Hepliaklqana
Kikubaaqudgha
Makhleb
Nemelex Xobeh
Okawaru
Qazlal
Ru
Sif Muna
Trog
Uskayaw
Vehumet
Wu Jian
Xom
Zin
The Shining One


Innate Abilities, Weirdness & Mutations

You are partially covered in molten scales. (AC +2)
Your flesh is cold resistant. (rC+)
You regenerate a little health from kills.
You are immune to freezing clouds.


Message History

You are lethally poisoned!
The killer bee poisons you!
The killer bee stings you but does no damage.
* * * LOW HITPOINT WARNING * * *
You feel sick.
The killer bee stings you but does no damage.
* * * LOW HITPOINT WARNING * * *
You feel sick. The killer bee stings you.
* * * LOW HITPOINT WARNING * * *
The killer bee barely misses you.
You riposte.
You hit the killer bee.
The killer bee is moderately wounded.
There is a stone staircase leading up here.
* * * LOW HITPOINT WARNING * * *
You feel sick.
The killer bee stings you but does no damage.
The killer bee closely misses you. The killer bee stings you.
* * * LOW HITPOINT WARNING * * *
The killer bee stings you but does no damage.
The killer bee stings you.
You die...

#####..........#
#....##.######.#
#....##.#### #.#
#..........# #.#
#..........###.#
#..............#
#)..........#..#
#..........y§..# .
#).........§@..#
.####).........yyy.#
........#.....S§...#
........###...y....#
........#####.####.#
......÷.y............
#.......#####.######...
#.......# #.# ...
#....y##### #.# #.


You could see 5 killer bees and an adder.

Vanquished Creatures
  Grinder (D:5)
  A black bear (D:6)
  A sky beast (D:5)
  A centaur (D:5)
  2 bullfrogs
  A scorpion (D:6)
  A killer bee (D:7)
  A howler monkey (D:6)
  2 jellies
  A centaur skeleton (D:4)
  An orc priest (D:5)
  Natasha (D:3)
  A merfolk siren (Sewer)
  2 worker ants (D:6)
  8 orc wizards
  A merfolk avatar (Sewer)
  A hound zombie (D:5)
  15 adders
  3 gnolls (D:4)
  A howler monkey skeleton (D:6)
  3 river rats (Sewer)
  A shadow imp (D:5)
  An ooze (D:6)
  4 worms
  2 dart slugs (D:1)
  5 leopard geckos
  25 orcs
  6 ball pythons
  12 giant cockroaches
  8 goblins
  9 hobgoblins
  3 jackals (D:6)
  2 quokkas
  8 bats
  7 frilled lizards
  5 kobolds
  A leopard gecko skeleton (D:4)
  A leopard gecko zombie (D:6)
  26 rats
175 creatures vanquished.

Notes
Turn   | Place    | Note
-------+----------+-------------------------------------------
     0 | D:1      | havocjr2 the Demonspawn Gladiator began the quest for the
                  | Orb.
     0 | D:1      | Reached XP level 1. HP: 16/16 MP: 1/1
    51 | D:1      | Gained mutation: You regenerate a little health from kills.
                  | [demonic ancestry]
    51 | D:1      | Reached XP level 2. HP: 10/22 MP: 2/2
   232 | D:1      | Reached skill level 3 in Long Blades
   819 | D:1      | Gained mutation: Your flesh is cold resistant. (rC+)
                  | [demonic ancestry]
   819 | D:1      | Reached XP level 3. HP: 27/27 MP: 3/3
   968 | D:2      | Found a faded altar of an unknown god.
  1323 | D:2      | Reached skill level 1 in Armour
  1679 | D:2      | Gained mutation: You are partially covered in molten
                  | scales. (AC +2) [demonic ancestry]
  1679 | D:2      | Reached XP level 4. HP: 34/34 MP: 4/4
  2006 | D:3      | Noticed Natasha
  2026 | D:3      | Killed Natasha
  2228 | D:3      | Reached XP level 5. HP: 40/40 MP: 5/5
  2531 | D:3      | Reached skill level 4 in Long Blades
  3038 | D:4      | Gained mutation: You are immune to freezing clouds.
                  | [demonic ancestry]
  3038 | D:4      | Reached XP level 6. HP: 7/47 MP: 6/6
  3917 | D:4      | Found a staircase to the Ecumenical Temple.
  3921 | Temple   | Entered the Ecumenical Temple
  4104 | Temple   | Became a worshipper of Qazlal Stormbringer
  4182 | D:5      | Entered Level 5 of the Dungeon
  4268 | D:5      | Found a glowing drain.
  4285 | Sewer    | Entered a sewer
  4522 | Sewer    | Reached * piety under Qazlal
  4942 | D:5      | Noticed a sky beast
  4982 | D:5      | Killed a sky beast
  4982 | D:5      | Reached XP level 7. HP: 14/53 MP: 7/7
  5061 | D:5      | Reached skill level 5 in Long Blades
  5341 | D:5      | Reached skill level 1 in Stealth
  5595 | D:5      | Noticed Grinder
  5678 | D:5      | Killed Grinder
  5924 | D:6      | Reached ** piety under Qazlal
  5975 | D:6      | Reached XP level 8. HP: 54/61 MP: 8/8
  6092 | D:6      | Reached skill level 1 in Invocations
  6102 | D:6      | Reached skill level 6 in Long Blades
  7242 | D:7      | Reached skill level 5 in Dodging
  7274 | D:7      | Reached skill level 5 in Fighting
  7292 | D:7      | HP: 1/62 [killer bee (3)]
  7292 | D:7      | Slain by a killer bee

Skill      XL: |  1  2  3  4  5  6  7  8 |
---------------+-------------------------+-----
Long Blades    | 3 4 5 6 |  6.5
Dodging        | 3 4 5 |  5.0
Armour         | 1 2 3 4 |  4.0
Fighting       | 3 4 5 |  5.0
Stealth        | 1 |  1.4
Invocations    | 2 |  2.5
Throwing       | |  1.8

Action                   |  1- 3 |  4- 6 |  7- 9 || total
-------------------------+-------+-------+-------++-------
Melee: Long sword        |   135 |   384 |   243 ||   762
Throw: Stone             |    17 |    21 |    31 ||    69
       Throwing net      |     1 |       |     3 ||     4
       Tomahawk          |       |    17 |     6 ||    23
Evoke: Wand              |       |       |     1 ||     1
  Use: Scroll            |     6 |     5 |     3 ||    14
       Potion            |       |     1 |     2 ||     3
 Stab: Held in net/web   |     2 |       |       ||     2
       Sleeping          |     2 |       |       ||     2
  Eat: Chunk             |     3 |    11 |     8 ||    22
Armor: Leather armour    |    20 |       |       ||    20
       Chain mail        |    34 |   224 |   153 ||   411
Dodge: Dodged            |    88 |   136 |    98 ||   322
Block: Other             |       |     3 |    27 ||    30
       Rpst.: Long sword |    29 |    43 |    30 ||   102
